 Dungeon Crawl Stone Soup version 0.29-a0-284-gf9362112df (webtiles) character file.

Game seed: 1815148642091546653

26 sammy202020 the Skirmisher (level 3, -4/24 HPs)
             Began as a Gargoyle Berserker on Mar 14, 2022.
             Was a Follower of Trog.
             Slain by a gnoll
             ... wielding a +0 spear
              (7 damage)
             ... on level 2 of the Dungeon.
             The game lasted 00:01:27 (1849 turns).

sammy202020 the Skirmisher (Gargoyle Berserker)     Turns: 1849, Time: 00:01:28

Health: -4/24      AC: 11    Str: 20    XL:     3   Next: 8%
Magic:  3/3        EV: 11    Int:  9    God:    Trog [*.....]
Gold:   73         SH:  0    Dex:  9    Spells: 2/2 levels left

rFire   . . .      SeeInvis .   a - +0 mace
rCold   . . .      Faith    .   (no shield)
rNeg    + . .      Spirit   .   h - +0 swamp dragon scales
rPois   ∞          Reflect  .   (no helmet)
rElec   +          Harm     .   (no cloak)
rCorr   .          Rampage  .   (no gloves)
Will    .....                   (no boots)
Stlth   ..........              (no amulet)
HPRegen 0.08/turn               (no ring)
MPRegen 0.08/turn               (no ring)

@: no status effects
A: sickness immunity, AC +3, negative energy resistance 1, electricity
resistance, torment resistance 1, petrification resistance
a: Renounce Religion, Berserk


You were on level 2 of the Dungeon.
You worshipped Trog.
Trog was aware of your devotion.
You visited 1 branch of the dungeon, and saw 2 of its levels.

You collected 73 gold pieces.

Inventory:

Hand Weapons
 a - a +0 mace (weapon)
Armour
 b - a +0 animal skin
 h - +0 swamp dragon scales (worn)
Scrolls
 c - a scroll of teleportation {unknown}
 e - a scroll of holy word {unknown}
 f - a scroll of immolation {unknown}
 g - a scroll of identify {unknown}
 i - a scroll of fog {unknown}
Potions
 d - a potion of curing {unknown}


   Skills:
 * Level 3.7 Fighting
 * Level 3.3 Maces & Flails
 * Level 2.8 Armour
 + Level 1.7 Dodging


You had 2 spell levels left.
You didn't know any spells.
Your spell library was empty.

Dungeon Overview and Level Annotations

Branches:
Dungeon (2/15)

Altars:


Innate Abilities, Weirdness & Mutations

You are immune to sickness and miasma.
Your stone body is resilient. (AC +3)
You are immune to poison.
You resist negative energy. (rN+)
You are resistant to electric shocks. (rElec)
You are resistant to unholy torment.
You are immune to petrification.


Message History

You closely miss the rat. The rat bites you but does no damage.
The rat barely misses you.
You thump the rat!
You kill the rat!
Trog accepts your kill.
No target in view!
No target in view!
No target in view!
No target in view!
No target in view!
You see here a rat corpse.
i - a scroll labelled CECARRALOSCH You now have 73 gold pieces (gained 13). 2 gnolls come into view.
Found a scroll labelled GILO FAONNO.
The gnoll shouts! x2; You hear a shout!
You hear an angry hiss.
A goblin comes into view. It is wielding a +0 dagger.
A gnoll comes into view. It is wielding a +0 spear.
A rat comes into view.
The gnoll shouts!
The goblin shouts!
A gnoll comes into view. It is wielding a +0 spear.
The gnoll shouts!
The gnoll misses you. The gnoll closely misses you.
You hit the gnoll.
The gnoll is lightly wounded.
A ball python comes into view.
The gnoll barely misses you.
The gnoll hits you from afar with a +0 spear. x2
The ball python hisses angrily.
You hit the gnoll but do no damage.
The gnoll is lightly wounded.
The gnoll closely misses you. The gnoll hits you but does no damage.
The gnoll hits you from afar with a +0 spear.
You closely miss the gnoll.
The gnoll is lightly wounded.
The gnoll hits you with a +0 club.
* * * LOW HITPOINT WARNING * * *
The gnoll closely misses you.
The gnoll hits you from afar with a +0 spear!
You die...

#..##..............###.###.
#..##############......# #.
#..######### ##.##.### #.
#..........# #.....# #.
#####.#######.# #[.##.# #.
#.....# #.# #..##.# #.
#.###.# ###.#####..##.# #.
#.# #.#
#..$.......##.#####.
#.###†#
#.#@#####.###.......
####.....# #g# #.# #######.
.........#


ggg #.# #. ######.#.# ....S ..# #. #.#.# ......# ### #. #..#. .#.#.#.. #.
#.###.?........# #. ##. ####.#.#.## ## # You could see 4 gnolls and a ball
python.

Vanquished Creatures
  A dart slug (D:1)
  2 endoplasms
  4 goblins
  2 hobgoblins
  2 quokkas (D:1)
  A ball python (D:1)
  2 bats (D:1)
  4 kobolds
  4 rats
22 creatures vanquished.

Notes
Turn   | Place    | Note
-------+----------+-------------------------------------------
     0 | D:1      | sammy202020 the Gargoyle Berserker began the quest for the
                  | Orb.
     0 | D:1      | Reached XP level 1. HP: 14/14 MP: 1/1
   798 | D:1      | Reached XP level 2. HP: 19/19 MP: 2/2
   902 | D:1      | Found a faded altar of an unknown god.
  1737 | D:2      | Reached XP level 3. HP: 24/24 MP: 3/3
  1849 | D:2      | Slain by a gnoll

Illustrated notes

Levels and vault maps discovered:
D:1:      mrwooster_arrival_statue, layout_basic, basic_ecumenical_altar,
          minmay_split_cup_small
D:2:      layout_loops_ring

Action                   || total
-------------------------++-------
Melee: Mace              ||    61
Armor: Animal skin       ||    17
       Swamp dragon scal ||     6
Dodge: Dodged            ||    44

Table legend: (Time is in decaauts)
 A = Elapsed time spent in this place.
 B = Non-inter-level travel time spent in this place.
 C = Inter-level travel time spent in this place.
 D = Time resting spent in this place.
 E = Time spent auto-exploring this place.
 F = Levels seen in this place.
 G = Mean time per level.
                   A        B        C        D        E       F      G
               +--------+--------+--------+--------+--------+-----+--------+
         Total |   1863 |   1850 |     13 |      0 |   1590 |   2 |  931.5 |
       Dungeon |   1863 |   1850 |     13 |      0 |   1590 |   2 |  931.5 |
               +--------+--------+--------+--------+--------+-----+--------+

Top non-repeatable levels by time:
     D:1: 1182 daAuts
     D:2: 680 daAuts
